 Dungeon Crawl Stone Soup version 0.29.1-1-gd02db6906a (webtiles) character file.

Game seed: 6630545522578647749

2 MisterFreud the Covert (level 1, -1/23 HPs)
             Began as a Gnoll Delver on Oct 11, 2022.
             Succumbed to an adder's poison
             ... on level 3 of the Dungeon.
             The game lasted 00:00:48 (260 turns).

MisterFreud the Covert (Gnoll Delver)                Turns: 260, Time: 00:00:49

Health: -1/23      AC:  3    Str: 11    XL:     1   Next: 30%
Magic:  1/1        EV: 12    Int:  9    God:
Gold:   15         SH:  3    Dex: 13    Spells: 0/0 levels left

rFire   . . .      SeeInvis .   a - +0 short sword
rCold   . . .      Faith    .   p - +0 buckler
rNeg    . . .      Spirit   .   b - +0 leather armour
rPois   .          Reflect  .   (no helmet)
rElec   .          Harm     .   (no cloak)
rCorr   .          Rampage  .   (no gloves)
Will    .....                   (no boots)
Stlth   ++++......              (no amulet)
HPRegen 0.07/turn               (no ring)
MPRegen 0.07/turn               (no ring)

@: mighty, lethally poisoned (-1 -> -9)
A: fangs 1, strong nose, distributed training
a: no special abilities


You were on level 3 of the Dungeon.
You visited 1 branch of the dungeon, and saw 4 of its levels.

You collected 15 gold pieces.

Inventory:

Hand Weapons
 a - a +0 short sword (weapon)
Armour
 b - a +0 leather armour (worn)
 p - a +0 buckler (worn)
Jewellery
 l - an amulet of magic regeneration
 m - an amulet of faith
Wands
 g - a wand of digging (3)
Scrolls
 c - a scroll of fog
 d - a scroll of magic mapping
 e - a scroll of fear
 i - a scroll of summoning {unknown}
 j - a scroll of silence {unknown}
 k - 4 scrolls of enchant weapon {unknown}
 n - a scroll of identify {unknown}
 q - a scroll of poison {unknown}
Potions
 f - a potion of haste
 o - a potion of berserk rage {unknown}
 r - a potion of curing {unknown}


   Skills:
 + Level 6.4 Fighting
 + Level 4.4 Short Blades
 + Level 0.0 Long Blades
 + Level 0.0 Axes
 + Level 0.0 Maces & Flails
 + Level 0.0 Polearms
 + Level 0.0 Staves
 + Level 0.0 Ranged Weapons
 + Level 0.0 Throwing
 + Level 0.0 Armour
 + Level 4.4 Dodging
 + Level 9.5 Stealth
 + Level 0.0 Shields
 + Level 0.0 Unarmed Combat
 + Level 0.0 Spellcasting
 + Level 0.0 Conjurations
 + Level 0.0 Hexes
 + Level 0.0 Summonings
 + Level 0.0 Necromancy
 + Level 0.0 Translocations
 + Level 0.0 Transmutations
 + Level 0.0 Fire Magic
 + Level 0.0 Ice Magic
 + Level 0.0 Air Magic
 + Level 0.0 Earth Magic
 + Level 0.0 Poison Magic
 + Level 0.1 Invocations
 + Level 0.0 Evocations


You couldn't memorise any spells.
You didn't know any spells.
Your spell library was empty.

Dungeon Overview and Level Annotations

Branches:
Dungeon (6/15)
 Temple: D:4-7

Altars:


Innate Abilities, Weirdness & Mutations

You have very sharp teeth.
Your uncanny sense of smell can sniff out nearby items.
Your experience applies equally to all skills.


Message History

You barely miss the adder.
The adder is lightly wounded.
You feel sick. You block the adder's attack.
The orc hits you but does no damage. The adder barely misses you.
You hit the adder.
The adder is moderately wounded.
You feel sick.
You are no longer poisoned.
The orc hits you with a +1 short sword of protection.
The adder bites you but does no damage. The adder attacks as you move away!
You block the adder's attack. The orc attacks as you move away!
The orc hits you with a +1 short sword of protection.
You closely miss the adder.
The adder is lightly wounded.
The adder bites you. You block the adder's attack.
You miss the adder.
The adder is lightly wounded.
The adder bites you but does no damage.
You hit the adder.
The adder is moderately wounded.
The adder bites you.
You are poisoned.
The adder poisons you!
You miss the adder.
The adder is moderately wounded.
You feel sick. The adder bites you.
You are lethally poisoned!
The adder poisons you!
You hit the adder but do no damage.
The adder is moderately wounded.
* * * LOW HITPOINT WARNING * * *
You feel sick. You block the adder's attack. The orc hits you with a +0 club.
* * * LOW HITPOINT WARNING * * *
An orc comes into view. It is wielding a +0 whip.
Unknown command.
Unknown command.
It was a potion of might.
You feel very mighty all of a sudden.
You die...

.. ... .. .o .
. .# .# # .##.#
..# #.#...#....
###.#......#
##....o.##.#
#...##S#...#K.
##. #..@#.....#
....#...o.#####
#...........##
#.###.........
#.......###...
∆ ######..# ##
#..#######
#.........
#.########


You could see an adder and 3 orcs.

Vanquished Creatures
  A quokka (D:4)
  A rat (D:3)
2 creatures vanquished.

Notes
Turn   | Place    | Note
-------+----------+-------------------------------------------
     0 | D:5      | Reached skill level 9 in Stealth
     0 | D:5      | MisterFreud the Gnoll Delver began the quest for the Orb.
     0 | D:5      | Reached XP level 1. HP: 23/23 MP: 1/1
   259 | D:3      | HP: 1/23 [orc/+0 club (4)]
   260 | D:3      | Succumbed to an adder's poison

Illustrated notes

Levels and vault maps discovered:
D:3:      layout_loops_corners, hangedman_decor_points
D:4:      layout_basic, uniq_eustachio, uniq_blork_the_orc
D:5:      layout_basic, tso_altar, ebering_ghost_sewer_f, minivault_23,
          uniq_pikel
D:6:      layout_basic, minivault_10, roderic_three_in_a_row

Skill      XL: | |
---------------+-+-----
Stealth        | |  9.5
Fighting       | |  6.4
Short Blades   | |  4.4
Dodging        | |  4.4
Invocations    | |  0.1

Action                   || total
-------------------------++-------
Melee: Short sword       ||    15
  Use: Potion            ||     1
Armor: Leather armour    ||     3
Dodge: Dodged            ||     6
Block: Buckler           ||     5
